Jets vs Red Wings
(R1)
Created - October 26, 2024 at 22:24
Goals
|
| Jets |
0 |
0 |
2 |
2 |
| Red Wings |
2 |
1 |
2 |
5 |
|
Shots
|
| Jets |
3 |
8 |
11 |
22 |
| Red Wings |
18 |
14 |
12 |
44 |
|
1st period
1. Red Wings , Hampus Lindholm 1 (Danton Heinen 2) at 7:21 (PP)
2. Red Wings , Brendan Lemieux 1 (Colton Parayko 2, Carson Mcmillan 1) at 11:57
Penalties :
Colton Parayko (Det) for Tripping (Minor) at 2:59, Nino Niederreiter (Win) for Slashing (Minor) at 6:19, Jake Virtanen (Det) for Roughing (Minor) at 8:24, Marco Scandella (Det) for Tripping (Minor) at 11:58, Dougie Hamilton (Win) for High sticking (Minor) at 12:16, Ryan Johansen (Win) for Hooking (Minor) at 17:26, Carson Mcmillan (Det) for Interference (Minor) at 19:42
2nd period
3. Red Wings , Brendan Lemieux 2 (Dylan Larkin 1, Colton Parayko 3) at 11:27 (PP)
Penalties :
Sam Reinhart (Win) for Roughing (Minor) at 2:32, Anthony Mantha (Win) for Tripping (Minor) at 11:10, Dylan Larkin (Det) for High sticking (Minor) at 17:10
3rd period
4. Red Wings , Hampus Lindholm 2 (David Backes 1) at 6:50 (PP)
5. Jets , Tyler Seguin 1 (Alex Galchenyuk 1, Ryan Johansen 2) at 7:00
6. Jets , Alex Galchenyuk 3 (Ryan Johansen 3, Tyler Seguin 1) at 7:14
7. Red Wings , Marco Scandella 1 (Jake Virtanen 1, Danton Heinen 3) at 13:14
Penalties :
Frederik Andersen (Det) for Slashing (Minor) at 1:46 - Jake Virtanen served the penalty, Sam Reinhart (Win) for Tripping (Minor) at 6:14, Ryan Johansen (Win) for Tripping (Minor) at 8:40
Goalie Stats
Jacob Markstrom (Win), 39 saves from 44 shots - (0.886), L, 2-1-0, 60:00 minutes
Frederik Andersen (Det), 20 saves from 22 shots - (0.909), W, 1-0-0, 60:00 minutes
Players Stats for Jets
Player Name G A P +/- PIM S H SB GA TA FO MP PP MP PK MP
------------------------------------------------------------------------------------
Adam Larsson 0 0 0 -1 0 0 2 4 0 1 0/0 25:31 0:00 5:20
Alex Galchenyuk 1 1 2 2 0 3 2 1 0 0 1/3 20:22 5:56 1:23
Anthony Mantha 0 0 0 -1 2 1 4 0 1 0 0/0 20:47 4:57 4:17
Dougie Hamilton 0 0 0 -1 2 2 1 1 0 2 0/0 29:26 4:56 5:02
Dylan Strome 0 0 0 -1 0 0 2 0 0 0 3/5 13:49 0:00 1:23
Erik Cernak 0 0 0 0 0 1 1 0 0 0 0/0 9:34 0:27 0:41
Frank Vatrano 0 0 0 0 0 0 0 0 0 0 0/0 8:24 0:07 2:30
Jeff Carter 0 0 0 0 0 1 2 0 0 0 2/5 6:27 0:07 0:00
Kyle Connor 0 0 0 0 0 1 0 0 0 0 0/0 6:23 0:00 0:00
Max Domi 0 0 0 -1 0 3 1 0 0 0 6/11 14:04 4:17 0:00
Mirco Mueller 0 0 0 0 0 1 0 0 0 0 0/0 10:28 0:27 0:23
Nino Niederreiter 0 0 0 -1 2 2 2 0 0 0 1/1 16:32 4:17 2:04
Ryan Johansen 0 2 2 2 4 1 1 0 0 0 17/35 19:08 5:49 0:00
Ryan Murray 0 0 0 1 0 0 0 0 1 1 0/0 19:47 4:49 2:27
Sam Reinhart 0 0 0 -1 4 1 1 0 0 0 0/0 11:59 0:00 0:00
Troy Stetcher 0 0 0 1 0 2 1 1 0 0 0/0 19:47 4:49 2:27
Tyler Seguin 1 1 2 2 0 3 0 0 0 0 6/12 23:30 5:49 4:43
Tyler Toffoli 0 0 0 -1 0 0 3 0 0 1 0/0 14:04 4:17 0:00
Players Stats for Red Wings
Player Name G A P +/- PIM S H SB GA TA FO MP PP MP PK MP
------------------------------------------------------------------------------------
Brendan Lemieux 2 0 2 1 0 6 1 0 0 0 0/1 20:33 4:23 1:31
Carson Mcmillan 0 1 1 0 2 1 1 0 1 0 1/1 10:28 0:49 4:41
Charlie Coyle 0 0 0 1 0 3 1 0 0 0 9/14 17:51 3:47 0:10
Colton Parayko 0 2 2 1 2 2 1 3 0 0 0/0 26:40 4:24 2:09
Connor Brown 0 0 0 1 0 8 0 0 0 1 2/2 19:06 4:23 0:00
Danton Heinen 0 2 2 -1 0 5 3 1 0 0 1/1 16:52 3:47 0:12
David Backes 0 1 1 0 0 2 0 1 0 0 0/1 11:32 2:58 0:00
Drew Fata 0 0 0 1 0 1 0 0 0 0 0/0 14:59 0:34 4:03
Dylan Larkin 0 1 1 -1 2 2 3 1 0 0 14/37 18:55 4:23 0:00
Hampus Lindholm 2 0 2 0 0 4 1 2 2 0 0/0 23:00 4:24 0:33
Jake Virtanen 0 1 1 -1 2 3 0 0 0 0 0/0 16:42 3:12 0:00
Lucas Lessio 0 0 0 0 0 1 0 0 0 0 0/1 6:56 0:00 2:15
Marco Scandella 1 0 1 -1 2 1 3 0 1 0 0/0 17:48 0:34 5:52
Martin Marincin 0 0 0 0 0 0 0 2 0 0 0/0 16:48 0:00 6:10
Max Reinhart 0 0 0 0 0 0 2 0 1 0 2/4 11:13 0:00 2:55
Philip Samuelsson 0 0 0 -1 0 0 2 1 0 1 0/0 16:55 3:12 1:39
T.J. Hensick 0 0 0 0 0 3 1 0 0 0 7/10 10:37 0:00 5:52
Tye McGinn 0 0 0 0 0 2 1 0 0 0 0/0 11:06 0:00 2:50
3 Stars
1 - Brendan Lemieux (Det)
2 - Hampus Lindholm (Det)
3 - Alex Galchenyuk (Win)
Power Play
Jets - 0 on 6 Attempt(s) - 0.00%
Red Wings - 3 on 7 Attempt(s) - 42.86%
Penalty Kill
Jets - 4 on 7 Attempt(s) - 57.14%
- Score 0 goal in Penalty Kill
Red Wings - 6 on 6 Attempt(s) - 100.00%
- Score 0 goal in Penalty Kill
Team Stat
Jets - Hits : 23 - Faceoff Wins : 36 - Blocked Shots : 7 - Penalty Minutes : 14
Red Wings - Hits : 20 - Faceoff Wins : 36 - Blocked Shots : 11 - Penalty Minutes : 12
Official
Referees : Wes McCauley and Kendrick Nicholson
Linesman : Scott Cherrey and Steve Barton
Game Notes
No Game Note
Finance
Level 1 -- Attendance: 5357 (89.28%) -- Ticket Income $535,700
Level 2 -- Attendance: 5000 (100.00%) -- Ticket Income $350,000
Level 3 -- Attendance: 1864 (93.20%) -- Ticket Income $74,560
Level 4 -- Attendance: 4000 (100.00%) -- Ticket Income $120,000
Luxury Box -- Attendance: 971 (97.10%) -- Ticket Income $194,200
Game was played at the Little Caesars arena.
Total Attendance: 17192 (95.51%)
Total Ticket Income: $1,274,460
Other Income: $191,169
Total Income: $1,465,629
Jets
5 vs 5 Forward
Center Left Wing Right Wing Time % Phy DF OF
1 Ryan Johansen Alex Galchenyuk Tyler Seguin 35 1 2 2
2 Max Domi Nino Niederreiter Tyler Toffoli 30 1 2 2
3 Dylan Strome Anthony Mantha Sam Reinhart 25 1 2 2
4 Jeff Carter Kyle Connor Frank Vatrano 10 1 2 2
5 vs 5 Defense
Defense Defense Time % Phy DF OF
1 Dougie Hamilton Adam Larsson 40 1 2 2
2 Ryan Murray Troy Stetcher 30 1 2 2
3 Mirco Mueller Erik Cernak 20 1 2 2
4 Dougie Hamilton Adam Larsson 10 1 2 2
PowerPlay Forward
Center Left Wing Right Wing Time % Phy DF OF
1 Ryan Johansen Alex Galchenyuk Tyler Seguin 60 1 2 2
2 Max Domi Nino Niederreiter Tyler Toffoli 40 1 2 2
PowerPlay Defense
Defense Defense Time % Phy DF OF
1 Dougie Hamilton Anthony Mantha 60 1 2 2
2 Ryan Murray Troy Stetcher 40 1 2 2
Penalty Kill 4 Players Forward
Center Wing Time % Phy DF OF
1 Tyler Seguin Anthony Mantha 60 1 2 2
2 Nino Niederreiter Frank Vatrano 40 1 2 2
Penalty Kill 4 Players Defense
Defense Defense Time % Phy DF OF
1 Dougie Hamilton Adam Larsson 60 1 2 2
2 Ryan Murray Troy Stetcher 40 1 2 2
Penalty Kill - 3 Players Forward
Forward Time % Phy DF OF
1 Anthony Mantha 60 1 2 2
2 Frank Vatrano 40 1 2 2
Penalty Kill - 3 Players Defense
Defense Defense Time % Phy DF OF
1 Dougie Hamilton Adam Larsson 60 1 2 2
2 Ryan Murray Troy Stetcher 40 1 2 2
4 vs 4 Forward
Center Wing Time % Phy DF OF
1 Ryan Johansen Tyler Seguin 60 1 2 2
2 Nino Niederreiter Alex Galchenyuk 40 1 2 2
4 vs 4 Defense
Defense Defense Time % Phy DF OF
1 Dougie Hamilton Adam Larsson 60 1 2 2
2 Ryan Murray Troy Stetcher 40 1 2 2
Last Minutes Offensive
Center Left Wing Right Wing Defense Defense
Ryan Johansen Alex Galchenyuk Tyler Seguin Dougie Hamilton Adam Larsson
Last Minutes Defensive
Center Left Wing Right Wing Defense Defense
Ryan Johansen Alex Galchenyuk Tyler Seguin Dougie Hamilton Adam Larsson
Goaltenders
Starting : Jacob Markstrom
Backup : Elvis Merzlikins
Extra Forwards
Normal : Anthony Mantha, Jeff Carter, Frank Vatrano - PP : Anthony Mantha, Jeff Carter - PK : Frank Vatrano
Extra Defensemen
Normal : Mirco Mueller, Erik Cernak, Ryan Murray - PP : Mirco Mueller - PK : Erik Cernak, Ryan Murray
Penalty Shots
Alex Galchenyuk, Tyler Seguin, Nino Niederreiter, Ryan Johansen, Tyler Toffoli
Custom OT Lines Forwards
Alex Galchenyuk, Tyler Seguin, Nino Niederreiter, Ryan Johansen, Tyler Toffoli, Max Domi, Anthony Mantha, Jeff Carter, Frank Vatrano, Dylan Strome
Custom OT Lines Defensemen
Dougie Hamilton, Adam Larsson, Ryan Murray, Troy Stetcher, Mirco Mueller
Scratches
None
Red Wings
5 vs 5 Forward
Center Left Wing Right Wing Time % Phy DF OF
1 Charlie Coyle Brendan Lemieux Connor Brown 35 1 2 2
2 Dylan Larkin Danton Heinen Jake Virtanen 35 1 2 2
3 Max Reinhart Tye McGinn David Backes 20 1 2 2
4 T.J. Hensick Lucas Lessio Carson Mcmillan 10 1 2 2
5 vs 5 Defense
Defense Defense Time % Phy DF OF
1 Hampus Lindholm Colton Parayko 40 1 2 2
2 Philip Samuelsson Marco Scandella 30 1 2 2
3 Drew Fata Martin Marincin 20 1 2 2
4 Drew Fata Martin Marincin 10 1 2 2
PowerPlay Forward
Center Left Wing Right Wing Time % Phy DF OF
1 Dylan Larkin Brendan Lemieux Connor Brown 60 1 2 2
2 Charlie Coyle Danton Heinen David Backes 40 1 2 2
PowerPlay Defense
Defense Defense Time % Phy DF OF
1 Hampus Lindholm Colton Parayko 60 1 2 2
2 Philip Samuelsson Jake Virtanen 40 1 2 2
Penalty Kill 4 Players Forward
Center Wing Time % Phy DF OF
1 T.J. Hensick Carson Mcmillan 60 1 2 2
2 Max Reinhart Tye McGinn 40 1 2 2
Penalty Kill 4 Players Defense
Defense Defense Time % Phy DF OF
1 Marco Scandella Martin Marincin 60 1 2 2
2 Colton Parayko Drew Fata 40 1 2 2
Penalty Kill - 3 Players Forward
Forward Time % Phy DF OF
1 Carson Mcmillan 60 1 2 2
2 Max Reinhart 40 1 2 2
Penalty Kill - 3 Players Defense
Defense Defense Time % Phy DF OF
1 Marco Scandella Martin Marincin 60 1 2 2
2 Drew Fata Colton Parayko 40 1 2 2
4 vs 4 Forward
Center Wing Time % Phy DF OF
1 Dylan Larkin Connor Brown 60 1 2 2
2 Charlie Coyle Brendan Lemieux 40 1 2 2
4 vs 4 Defense
Defense Defense Time % Phy DF OF
1 Hampus Lindholm Philip Samuelsson 60 1 2 2
2 Colton Parayko Marco Scandella 40 1 2 2
Last Minutes Offensive
Center Left Wing Right Wing Defense Defense
Dylan Larkin Brendan Lemieux Connor Brown Hampus Lindholm Philip Samuelsson
Last Minutes Defensive
Center Left Wing Right Wing Defense Defense
T.J. Hensick Tye McGinn Carson Mcmillan Colton Parayko Martin Marincin
Goaltenders
Starting : Frederik Andersen
Backup : Alexandar Georgiev
Extra Forwards
Normal : David Backes, T.J. Hensick, Tye McGinn - PP : Tye McGinn, Max Reinhart - PK : Lucas Lessio
Extra Defensemen
Normal : Martin Marincin, Philip Samuelsson, Marco Scandella - PP : Marco Scandella - PK : Philip Samuelsson, Hampus Lindholm
Penalty Shots
Dylan Larkin, Carson Mcmillan, Charlie Coyle, Max Reinhart, Connor Brown
Custom OT Lines Forwards
Dylan Larkin, Connor Brown, Brendan Lemieux, Charlie Coyle, Danton Heinen, David Backes, Jake Virtanen, Carson Mcmillan, Max Reinhart, T.J. Hensick
Custom OT Lines Defensemen
Hampus Lindholm, Philip Samuelsson, Colton Parayko, Martin Marincin, Marco Scandella
Scratches
Brendan Woods (Healthy), Roland McKeown (Left Foot Injury)
% Time on Ice - Jets
Lines # - Real PCT - Wanted PCT - Time Play
Normal Forward
1 - 32% - 35% - 12:42
2 - 24% - 30% - 9:47
3 - 29% - 25% - 11:43
4 - 14% - 10% - 5:44
Normal Defense
1 - 47% - 40% - 18:48
2 - 31% - 30% - 12:20
3 - 20% - 20% - 8:03
4 - 2% - 10% - 0:45
PP Forward
1 - 58% - 60% - 5:56
2 - 42% - 40% - 4:17
PP Defense
1 - 48% - 60% - 4:57
2 - 52% - 40% - 5:16
PK Forward
1 - 73% - 60% - 5:59
2 - 27% - 40% - 2:11
PK Defense
1 - 70% - 60% - 5:43
2 - 30% - 40% - 2:27
PK3 Forward
1 - 0% - 60%
2 - 0% - 40%
PK3 Defense
1 - 0% - 60%
2 - 0% - 40%
44 Forward
1 - 75% - 60% - 1:16
2 - 25% - 40% - 0:25
44 Defense
1 - 73% - 60% - 1:14
2 - 27% - 40% - 0:27
Last Minute Offensive - 0:00
Last Minute Defensive - 0:00
Total
Forward - 60:00
Defense - 60:00
|
% Time on Ice - Red Wings
Lines # - Real PCT - Wanted PCT - Time Play
Normal Forward
1 - 36% - 35% - 14:17
2 - 32% - 35% - 12:51
3 - 21% - 20% - 8:16
4 - 11% - 10% - 4:32
Normal Defense
1 - 46% - 40% - 18:22
2 - 33% - 30% - 13:12
3 - 17% - 20% - 6:59
4 - 3% - 10% - 1:23
PP Forward
1 - 54% - 60% - 4:23
2 - 46% - 40% - 3:47
PP Defense
1 - 61% - 60% - 4:58
2 - 39% - 40% - 3:12
PK Forward
1 - 72% - 60% - 7:23
2 - 28% - 40% - 2:50
PK Defense
1 - 68% - 60% - 6:57
2 - 32% - 40% - 3:16
PK3 Forward
1 - 0% - 60%
2 - 0% - 40%
PK3 Defense
1 - 0% - 60%
2 - 0% - 40%
44 Forward
1 - 76% - 60% - 1:17
2 - 24% - 40% - 0:24
44 Defense
1 - 42% - 60% - 0:42
2 - 58% - 40% - 0:59
Last Minute Offensive - 0:00
Last Minute Defensive - 0:00
Total
Forward - 60:00
Defense - 60:00
|
Play-by-Play
1st period
0:01 of 1st period - Ryan Johansen wins face-off versus Charlie Coyle in neutral zone.
0:26 of 1st period - Colton Parayko is hit by Tyler Toffoli and loses puck.
1:19 of 1st period - Philip Samuelsson is hit by Jeff Carter and loses puck.
2:18 of 1st period - Snap shot by T.J. Hensick.
2:18 of 1st period - Stopped by Jacob Markstrom with a rebound.
2:20 of 1st period - Wrist shot by Lucas Lessio.
2:20 of 1st period - Deflect By T.J. Hensick.
2:20 of 1st period - Stopped by Jacob Markstrom without a rebound.
2:21 of 1st period - Charlie Coyle wins face-off versus Ryan Johansen in Jets zone.
2:24 of 1st period - Slapshot by Brendan Lemieux.
2:24 of 1st period - Stopped by Jacob Markstrom with a rebound.
2:59 of 1st period - Minor Penalty to Colton Parayko for Tripping.
3:00 of 1st period - Ryan Johansen wins face-off versus T.J. Hensick in Red Wings zone.
3:27 of 1st period - T.J. Hensick is hit by Anthony Mantha and loses puck.
3:38 of 1st period - Snap shot by Max Domi.
3:38 of 1st period - Shot Hit the Post.
4:24 of 1st period - Max Domi is hit by Marco Scandella and loses puck.
4:59 of 1st period - Penalty to Colton Parayko is over, Colton Parayko is back on ice.
5:17 of 1st period - Icing by Drew Fata.
5:18 of 1st period - Jeff Carter wins face-off versus Dylan Larkin in Red Wings zone.
5:50 of 1st period - Philip Samuelsson is hit by Sam Reinhart and loses puck.
6:19 of 1st period - Minor Penalty to Nino Niederreiter for Slashing.
6:20 of 1st period - Tyler Seguin wins face-off versus Dylan Larkin in Jets zone.
6:31 of 1st period - Slapshot by Hampus Lindholm.
6:31 of 1st period - Shot Blocked by Dougie Hamilton.
6:33 of 1st period - Snap shot by Brendan Lemieux.
6:33 of 1st period - Shot Misses the Net.
6:35 of 1st period - Snap shot by Dylan Larkin.
6:35 of 1st period - Stopped by Jacob Markstrom with a rebound.
6:37 of 1st period - Slapshot by Colton Parayko.
6:37 of 1st period - Stopped by Jacob Markstrom without a rebound.
6:38 of 1st period - Charlie Coyle wins face-off versus Tyler Seguin in Jets zone.
6:41 of 1st period - Snap shot by Charlie Coyle.
6:41 of 1st period - Stopped by Jacob Markstrom with a rebound.
6:43 of 1st period - Slapshot by Colton Parayko.
6:43 of 1st period - Shot Blocked by Adam Larsson.
6:45 of 1st period - Snap shot by Hampus Lindholm.
6:45 of 1st period - Stopped by Jacob Markstrom without a rebound.
6:46 of 1st period - Tyler Seguin wins face-off versus Charlie Coyle in Jets zone.
6:57 of 1st period - Slapshot by Colton Parayko.
6:57 of 1st period - Deflect By Charlie Coyle.
6:57 of 1st period - Stopped by Jacob Markstrom with a rebound.
6:59 of 1st period - Snap shot by David Backes.
6:59 of 1st period - Shot Blocked by Adam Larsson.
7:01 of 1st period - Slapshot by Colton Parayko.
7:01 of 1st period - Shot Misses the Net.
7:03 of 1st period - Slapshot by Colton Parayko.
7:03 of 1st period - Shot Blocked by Adam Larsson.
7:21 of 1st period - Snap shot by Hampus Lindholm.
7:21 of 1st period - Goal by Hampus Lindholm - Jets : 0 - Red Wings : 1.
7:22 of 1st period - Ryan Johansen wins face-off versus Dylan Larkin in neutral zone.
7:29 of 1st period - Backhand shot by Ryan Johansen.
7:29 of 1st period - Shot Blocked by Danton Heinen.
7:31 of 1st period - Wrist shot by Tyler Seguin.
7:31 of 1st period - Shot Misses the Net.
7:33 of 1st period - Snap shot by Dougie Hamilton.
7:33 of 1st period - Stopped by Frederik Andersen with a rebound.
7:57 of 1st period - Snap shot by Connor Brown.
7:57 of 1st period - Stopped by Jacob Markstrom without a rebound.
7:58 of 1st period - Ryan Johansen wins face-off versus Charlie Coyle in Jets zone.
8:13 of 1st period - Backhand shot by Tyler Seguin.
8:13 of 1st period - Stopped by Frederik Andersen without a rebound.
8:14 of 1st period - Max Domi wins face-off versus Dylan Larkin in Red Wings zone.
8:24 of 1st period - Minor Penalty to Jake Virtanen for Roughing.
8:25 of 1st period - T.J. Hensick wins face-off versus Ryan Johansen in Red Wings zone.
8:51 of 1st period - T.J. Hensick is hit by Anthony Mantha.
9:01 of 1st period - Snap shot by Max Domi.
9:01 of 1st period - Stopped by Frederik Andersen without a rebound.
9:02 of 1st period - Ryan Johansen wins face-off versus Max Reinhart in Red Wings zone.
9:03 of 1st period - Wrist shot by Tyler Seguin.
9:03 of 1st period - Shot Misses the Net.
10:24 of 1st period - Penalty to Jake Virtanen is over, Jake Virtanen is back on ice.
11:10 of 1st period - Colton Parayko is hit by Dylan Strome and loses puck.
11:53 of 1st period - Slapshot by Colton Parayko.
11:53 of 1st period - Shot Misses the Net.
11:55 of 1st period - Snap shot by Colton Parayko.
11:55 of 1st period - Stopped by Jacob Markstrom with a rebound.
11:57 of 1st period - Snap shot by Brendan Lemieux.
11:57 of 1st period - Goal by Brendan Lemieux - Jets : 0 - Red Wings : 2.
11:58 of 1st period - Dylan Larkin wins face-off versus Ryan Johansen in neutral zone.
11:58 of 1st period - Minor Penalty to Marco Scandella for Tripping.
11:59 of 1st period - T.J. Hensick wins face-off versus Ryan Johansen in Red Wings zone.
12:16 of 1st period - Minor Penalty to Dougie Hamilton for High sticking.
12:17 of 1st period - Ryan Johansen wins face-off versus Dylan Larkin in Jets zone.
12:49 of 1st period - Icing by Philip Samuelsson.
12:50 of 1st period - Ryan Johansen wins face-off versus Dylan Larkin in Red Wings zone.
13:57 of 1st period - Off-side.
13:58 of 1st period - Penalty to Marco Scandella is over, Marco Scandella is back on ice.
13:58 of 1st period - Charlie Coyle wins face-off versus Tyler Seguin in neutral zone.
14:07 of 1st period - Wrist shot by Danton Heinen.
14:07 of 1st period - Stopped by Jacob Markstrom without a rebound.
14:08 of 1st period - Charlie Coyle wins face-off versus Tyler Seguin in Jets zone.
14:13 of 1st period - Snap shot by Danton Heinen.
14:13 of 1st period - Deflect By Charlie Coyle.
14:13 of 1st period - Stopped by Jacob Markstrom without a rebound.
14:14 of 1st period - Dylan Larkin wins face-off versus Tyler Seguin in Jets zone.
14:16 of 1st period - Penalty to Dougie Hamilton is over, Dougie Hamilton is back on ice.
14:17 of 1st period - Slapshot by Hampus Lindholm.
14:17 of 1st period - Stopped by Jacob Markstrom without a rebound.
14:18 of 1st period - Ryan Johansen wins face-off versus Dylan Larkin in Jets zone.
14:18 of 1st period - Ryan Johansen is hit by Dylan Larkin.
14:44 of 1st period - Colton Parayko is hit by Dougie Hamilton and loses puck.
15:11 of 1st period - Snap shot by Max Reinhart.
15:11 of 1st period - Shot Misses the Net.
15:13 of 1st period - Snap shot by Hampus Lindholm.
15:13 of 1st period - Shot Blocked by Troy Stetcher.
15:37 of 1st period - Slapshot by Troy Stetcher.
15:37 of 1st period - Shot Blocked by Colton Parayko.
15:55 of 1st period - Slapshot by Tye McGinn.
15:55 of 1st period - Stopped by Jacob Markstrom with a rebound.
17:03 of 1st period - Wrist shot by David Backes.
17:03 of 1st period - Deflect By Troy Stetcher.
17:03 of 1st period - Stopped by Jacob Markstrom without a rebound.
17:04 of 1st period - Dylan Larkin wins face-off versus Ryan Johansen in Jets zone.
17:05 of 1st period - Wrist shot by Jake Virtanen.
17:05 of 1st period - Stopped by Jacob Markstrom without a rebound.
17:06 of 1st period - Dylan Larkin wins face-off versus Ryan Johansen in Jets zone.
17:26 of 1st period - Minor Penalty to Ryan Johansen for Hooking.
17:27 of 1st period - Tyler Seguin wins face-off versus Dylan Larkin in Jets zone.
18:33 of 1st period - Ryan Murray is hit by Danton Heinen and loses puck.
19:26 of 1st period - Penalty to Ryan Johansen is over, Ryan Johansen is back on ice.
19:42 of 1st period - Minor Penalty to Carson Mcmillan for Interference.
19:43 of 1st period - T.J. Hensick wins face-off versus Ryan Johansen in Red Wings zone.
Goals for this period are 0 for Jets vs 2 for Red Wings.
Shots for this period are 3 for Jets vs 18 for Red Wings.
2nd period
0:01 of 2nd period - T.J. Hensick wins face-off versus Ryan Johansen in neutral zone.
1:42 of 2nd period - Penalty to Carson Mcmillan is over, Carson Mcmillan is back on ice.
2:08 of 2nd period - Snap shot by Brendan Lemieux.
2:08 of 2nd period - Stopped by Jacob Markstrom without a rebound.
2:09 of 2nd period - Danton Heinen wins face-off versus Dylan Strome in Jets zone.
2:32 of 2nd period - Minor Penalty to Sam Reinhart for Roughing.
2:33 of 2nd period - Connor Brown wins face-off versus Tyler Seguin in Jets zone.
3:04 of 2nd period - Anthony Mantha is hit by Colton Parayko and loses puck.
4:09 of 2nd period - Icing by Dylan Larkin.
4:10 of 2nd period - Dylan Strome wins face-off versus Dylan Larkin in Red Wings zone.
4:17 of 2nd period - Slapshot by Dylan Strome.
4:17 of 2nd period - Shot Misses the Net.
4:19 of 2nd period - Slapshot by Troy Stetcher.
4:19 of 2nd period - Shot Misses the Net.
4:32 of 2nd period - Penalty to Sam Reinhart is over, Sam Reinhart is back on ice.
4:49 of 2nd period - Snap shot by Sam Reinhart.
4:49 of 2nd period - Stopped by Frederik Andersen without a rebound.
4:50 of 2nd period - Max Domi wins face-off versus Lucas Lessio in Red Wings zone.
4:57 of 2nd period - Snap shot by Nino Niederreiter.
4:57 of 2nd period - Deflect By Carson Mcmillan.
4:57 of 2nd period - Shot Blocked by Colton Parayko.
4:57 of 2nd period - Puck is out of play.
4:58 of 2nd period - T.J. Hensick wins face-off versus Max Domi in Red Wings zone.
6:07 of 2nd period - Wrist shot by Carson Mcmillan.
6:07 of 2nd period - Shot Misses the Net.
6:09 of 2nd period - Slapshot by Lucas Lessio.
6:09 of 2nd period - Stopped by Jacob Markstrom without a rebound.
6:10 of 2nd period - Dylan Larkin wins face-off versus Ryan Johansen in Jets zone.
6:15 of 2nd period - Wrist shot by Danton Heinen.
6:15 of 2nd period - Shot Misses the Net.
6:17 of 2nd period - Snap shot by Danton Heinen.
6:17 of 2nd period - Stopped by Jacob Markstrom with a rebound.
6:50 of 2nd period - Dylan Larkin is hit by Troy Stetcher and loses puck.
7:01 of 2nd period - Sam Reinhart is hit by Dylan Larkin and loses puck.
7:16 of 2nd period - Wrist shot by Danton Heinen.
7:16 of 2nd period - Stopped by Jacob Markstrom without a rebound.
7:17 of 2nd period - Charlie Coyle wins face-off versus Alex Galchenyuk in Jets zone.
7:29 of 2nd period - Off-side.
7:30 of 2nd period - Charlie Coyle wins face-off versus Alex Galchenyuk in neutral zone.
7:47 of 2nd period - Slapshot by Connor Brown.
7:47 of 2nd period - Stopped by Jacob Markstrom without a rebound.
7:48 of 2nd period - Max Reinhart wins face-off versus Max Domi in Jets zone.
7:58 of 2nd period - Icing by Dougie Hamilton.
7:59 of 2nd period - Charlie Coyle wins face-off versus Max Domi in Jets zone.
8:00 of 2nd period - Wrist shot by Connor Brown.
8:00 of 2nd period - Stopped by Jacob Markstrom with a rebound.
8:29 of 2nd period - Off-side.
8:30 of 2nd period - Ryan Johansen wins face-off versus Max Reinhart in neutral zone.
8:39 of 2nd period - Icing by Hampus Lindholm.
8:40 of 2nd period - Max Reinhart wins face-off versus Ryan Johansen in Red Wings zone.
9:04 of 2nd period - Hampus Lindholm is hit by Erik Cernak and loses puck.
9:29 of 2nd period - Snap shot by Tye McGinn.
9:29 of 2nd period - Stopped by Jacob Markstrom without a rebound.
9:30 of 2nd period - Nino Niederreiter wins face-off versus Dylan Larkin in Jets zone.
9:30 of 2nd period - Nino Niederreiter is hit by Danton Heinen.
9:42 of 2nd period - Snap shot by Nino Niederreiter.
9:42 of 2nd period - Stopped by Frederik Andersen without a rebound.
9:43 of 2nd period - Connor Brown wins face-off versus Max Domi in Red Wings zone.
9:50 of 2nd period - Wrist shot by Connor Brown.
9:50 of 2nd period - Stopped by Jacob Markstrom without a rebound.
9:51 of 2nd period - Charlie Coyle wins face-off versus Max Domi in Jets zone.
10:35 of 2nd period - Snap shot by Connor Brown.
10:35 of 2nd period - Stopped by Jacob Markstrom without a rebound.
10:36 of 2nd period - Ryan Johansen wins face-off versus Dylan Larkin in Jets zone.
10:53 of 2nd period - Slapshot by Ryan Johansen.
10:53 of 2nd period - Shot Misses the Net.
11:03 of 2nd period - Troy Stetcher is hit by Max Reinhart.
11:10 of 2nd period - Minor Penalty to Anthony Mantha for Tripping.
11:11 of 2nd period - Tyler Seguin wins face-off versus Dylan Larkin in Jets zone.
11:27 of 2nd period - Wrist shot by Brendan Lemieux.
11:27 of 2nd period - Goal by Brendan Lemieux - Jets : 0 - Red Wings : 3.
11:28 of 2nd period - Ryan Johansen wins face-off versus Dylan Larkin in neutral zone.
11:31 of 2nd period - Colton Parayko is hit by Ryan Johansen and loses puck.
11:40 of 2nd period - Wrist shot by Ryan Johansen.
11:40 of 2nd period - Shot Misses the Net.
11:42 of 2nd period - Wrist shot by Alex Galchenyuk.
11:42 of 2nd period - Stopped by Frederik Andersen without a rebound.
11:43 of 2nd period - Charlie Coyle wins face-off versus Dylan Strome in Red Wings zone.
11:52 of 2nd period - Slapshot by Connor Brown.
11:52 of 2nd period - Stopped by Jacob Markstrom without a rebound.
11:53 of 2nd period - Dylan Strome wins face-off versus Charlie Coyle in Jets zone.
12:08 of 2nd period - Snap shot by Connor Brown.
12:08 of 2nd period - Stopped by Jacob Markstrom with a rebound.
12:40 of 2nd period - Adam Larsson is hit by Charlie Coyle and loses puck.
13:29 of 2nd period - Slapshot by Connor Brown.
13:29 of 2nd period - Stopped by Jacob Markstrom with a rebound.
13:45 of 2nd period - Adam Larsson is hit by Hampus Lindholm.
14:47 of 2nd period - Hampus Lindholm is hit by Dylan Strome and loses puck.
15:25 of 2nd period - Brendan Lemieux is hit by Anthony Mantha and loses puck.
15:34 of 2nd period - Snap shot by Anthony Mantha.
15:34 of 2nd period - Shot Misses the Net.
16:10 of 2nd period - Backhand shot by Anthony Mantha.
16:10 of 2nd period - Shot Blocked by Hampus Lindholm.
17:00 of 2nd period - Wrist shot by Brendan Lemieux.
17:00 of 2nd period - Stopped by Jacob Markstrom without a rebound.
17:01 of 2nd period - Ryan Johansen wins face-off versus Dylan Larkin in Jets zone.
17:01 of 2nd period - Ryan Johansen is hit by Philip Samuelsson.
17:10 of 2nd period - Minor Penalty to Dylan Larkin for High sticking.
17:11 of 2nd period - Ryan Johansen wins face-off versus T.J. Hensick in Red Wings zone.
17:25 of 2nd period - Slapshot by Alex Galchenyuk.
17:25 of 2nd period - Stopped by Frederik Andersen with a rebound.
17:27 of 2nd period - Slapshot by Troy Stetcher.
17:27 of 2nd period - Deflect By Tyler Seguin.
17:27 of 2nd period - Shot Blocked by Martin Marincin.
17:27 of 2nd period - Puck is out of play.
17:28 of 2nd period - Ryan Johansen wins face-off versus T.J. Hensick in Red Wings zone.
17:41 of 2nd period - Wrist shot by Tyler Seguin.
17:41 of 2nd period - Stopped by Frederik Andersen with a rebound.
17:59 of 2nd period - Wrist shot by Nino Niederreiter.
17:59 of 2nd period - Shot Blocked by Martin Marincin.
18:01 of 2nd period - Snap shot by Nino Niederreiter.
18:01 of 2nd period - Stopped by Frederik Andersen with a rebound.
19:10 of 2nd period - Penalty to Dylan Larkin is over, Dylan Larkin is back on ice.
19:17 of 2nd period - Wrist shot by Jeff Carter.
19:17 of 2nd period - Shot Misses the Net.
19:23 of 2nd period - Wrist shot by Kyle Connor.
19:23 of 2nd period - Stopped by Frederik Andersen with a rebound.
19:25 of 2nd period - Wrist shot by Jeff Carter.
19:25 of 2nd period - Stopped by Frederik Andersen without a rebound.
19:26 of 2nd period - Jeff Carter wins face-off versus Dylan Larkin in Red Wings zone.
19:56 of 2nd period - Ryan Johansen is hit by Philip Samuelsson.
Goals for this period are 0 for Jets vs 1 for Red Wings.
Shots for this period are 8 for Jets vs 14 for Red Wings.
3rd period
0:01 of 3rd period - Alex Galchenyuk wins face-off versus Dylan Larkin in neutral zone.
1:05 of 3rd period - Wrist shot by Anthony Mantha.
1:05 of 3rd period - Stopped by Frederik Andersen without a rebound.
1:06 of 3rd period - Dylan Larkin wins face-off versus Ryan Johansen in Red Wings zone.
1:23 of 3rd period - Danton Heinen is hit by Alex Galchenyuk and loses puck.
1:36 of 3rd period - Slapshot by Sam Reinhart.
1:36 of 3rd period - Shot Misses the Net.
1:38 of 3rd period - Snap shot by Sam Reinhart.
1:38 of 3rd period - Shot Blocked by Dylan Larkin.
1:40 of 3rd period - Slapshot by Sam Reinhart.
1:40 of 3rd period - Shot Misses the Net.
1:42 of 3rd period - Wrist shot by Erik Cernak.
1:42 of 3rd period - Shot Blocked by Philip Samuelsson.
1:44 of 3rd period - Wrist shot by Anthony Mantha.
1:44 of 3rd period - Shot Misses the Net.
1:46 of 3rd period - Slapshot by Erik Cernak.
1:46 of 3rd period - Stopped by Frederik Andersen without a rebound.
1:46 of 3rd period - Minor Penalty to Frederik Andersen for Slashing.
1:47 of 3rd period - T.J. Hensick wins face-off versus Ryan Johansen in Red Wings zone.
2:04 of 3rd period - Snap shot by Ryan Johansen.
2:04 of 3rd period - Stopped by Frederik Andersen with a rebound.
2:14 of 3rd period - Martin Marincin is hit by Tyler Toffoli.
2:58 of 3rd period - Drew Fata is hit by Tyler Toffoli and loses puck.
3:46 of 3rd period - Penalty to Jake Virtanen is over, Jake Virtanen is back on ice.
4:13 of 3rd period - Sam Reinhart is hit by Marco Scandella and loses puck.
4:39 of 3rd period - Wrist shot by Dylan Strome.
4:39 of 3rd period - Shot Misses the Net.
4:51 of 3rd period - Hampus Lindholm is hit by Nino Niederreiter.
5:15 of 3rd period - Tyler Toffoli is hit by Brendan Lemieux and loses puck.
5:52 of 3rd period - Erik Cernak is hit by Tye McGinn and loses puck.
6:05 of 3rd period - Dylan Strome is hit by T.J. Hensick and loses puck.
6:12 of 3rd period - Snap shot by Carson Mcmillan.
6:12 of 3rd period - Stopped by Jacob Markstrom with a rebound.
6:14 of 3rd period - Minor Penalty to Sam Reinhart for Tripping.
6:15 of 3rd period - Tyler Seguin wins face-off versus Dylan Larkin in Jets zone.
6:38 of 3rd period - Hampus Lindholm is hit by Nino Niederreiter.
6:50 of 3rd period - Slapshot by Hampus Lindholm.
6:50 of 3rd period - Deflect By Adam Larsson.
6:50 of 3rd period - Goal by Hampus Lindholm - Jets : 0 - Red Wings : 4.
6:51 of 3rd period - Dylan Larkin wins face-off versus Ryan Johansen in neutral zone.
7:00 of 3rd period - Snap shot by Alex Galchenyuk.
7:00 of 3rd period - Deflect By Tyler Seguin.
7:00 of 3rd period - Goal by Tyler Seguin - Jets : 1 - Red Wings : 4.
7:01 of 3rd period - Ryan Johansen wins face-off versus Dylan Larkin in neutral zone.
7:12 of 3rd period - Slapshot by Ryan Johansen.
7:12 of 3rd period - Shot Misses the Net.
7:14 of 3rd period - Snap shot by Alex Galchenyuk.
7:14 of 3rd period - Goal by Alex Galchenyuk - Jets : 2 - Red Wings : 4.
7:15 of 3rd period - Dylan Larkin wins face-off versus Ryan Johansen in neutral zone.
7:51 of 3rd period - Slapshot by Charlie Coyle.
7:51 of 3rd period - Shot Hit the Post.
8:16 of 3rd period - Snap shot by Sam Reinhart.
8:16 of 3rd period - Deflect By Dylan Strome.
8:16 of 3rd period - Shot Blocked by David Backes.
8:16 of 3rd period - Puck is out of play.
8:17 of 3rd period - Dylan Larkin wins face-off versus Ryan Johansen in Red Wings zone.
8:40 of 3rd period - Minor Penalty to Ryan Johansen for Tripping.
8:41 of 3rd period - Dylan Larkin wins face-off versus Tyler Seguin in Jets zone.
10:27 of 3rd period - Jake Virtanen is hit by Adam Larsson and loses puck.
10:40 of 3rd period - Penalty to Ryan Johansen is over, Ryan Johansen is back on ice.
11:18 of 3rd period - Snap shot by Max Domi.
11:18 of 3rd period - Stopped by Frederik Andersen without a rebound.
11:19 of 3rd period - Carson Mcmillan wins face-off versus Jeff Carter in Red Wings zone.
11:34 of 3rd period - Snap shot by T.J. Hensick.
11:34 of 3rd period - Stopped by Jacob Markstrom without a rebound.
11:35 of 3rd period - Dylan Larkin wins face-off versus Ryan Johansen in Jets zone.
12:07 of 3rd period - Slapshot by Hampus Lindholm.
12:07 of 3rd period - Deflect By Brendan Lemieux.
12:07 of 3rd period - Stopped by Jacob Markstrom without a rebound.
12:08 of 3rd period - Max Domi wins face-off versus Brendan Lemieux in Jets zone.
12:20 of 3rd period - Off-side.
12:21 of 3rd period - Ryan Johansen wins face-off versus Dylan Larkin in neutral zone.
13:00 of 3rd period - Wrist shot by David Backes.
13:00 of 3rd period - Stopped by Jacob Markstrom without a rebound.
13:01 of 3rd period - Max Domi wins face-off versus Dylan Larkin in Jets zone.
13:10 of 3rd period - Wrist shot by Danton Heinen.
13:10 of 3rd period - Stopped by Jacob Markstrom with a rebound.
13:12 of 3rd period - Snap shot by Jake Virtanen.
13:12 of 3rd period - Shot Blocked by Adam Larsson.
13:14 of 3rd period - Slapshot by Marco Scandella.
13:14 of 3rd period - Deflect By Max Domi.
13:14 of 3rd period - Goal by Marco Scandella - Jets : 2 - Red Wings : 5.
13:15 of 3rd period - Max Domi wins face-off versus Dylan Larkin in neutral zone.
13:24 of 3rd period - Snap shot by Max Domi.
13:24 of 3rd period - Stopped by Frederik Andersen without a rebound.
13:25 of 3rd period - Max Domi wins face-off versus Dylan Larkin in Red Wings zone.
13:59 of 3rd period - Wrist shot by Dylan Larkin.
13:59 of 3rd period - Stopped by Jacob Markstrom without a rebound.
14:00 of 3rd period - Ryan Johansen wins face-off versus Charlie Coyle in Jets zone.
14:27 of 3rd period - Hampus Lindholm is hit by Anthony Mantha and loses puck.
14:48 of 3rd period - Slapshot by Troy Stetcher.
14:48 of 3rd period - Stopped by Frederik Andersen without a rebound.
14:49 of 3rd period - T.J. Hensick wins face-off versus Jeff Carter in Red Wings zone.
14:56 of 3rd period - Kyle Connor is hit by Marco Scandella and loses puck.
15:32 of 3rd period - Mirco Mueller is hit by Dylan Larkin.
16:00 of 3rd period - Icing by Erik Cernak.
16:01 of 3rd period - Dylan Strome wins face-off versus David Backes in Jets zone.
16:14 of 3rd period - Snap shot by Anthony Mantha.
16:14 of 3rd period - Shot Blocked by Hampus Lindholm.
16:16 of 3rd period - Slapshot by Mirco Mueller.
16:16 of 3rd period - Shot Misses the Net.
16:18 of 3rd period - Slapshot by Mirco Mueller.
16:18 of 3rd period - Stopped by Frederik Andersen without a rebound.
16:19 of 3rd period - Dylan Larkin wins face-off versus Ryan Johansen in Red Wings zone.
16:19 of 3rd period - Dylan Larkin is hit by Alex Galchenyuk.
16:29 of 3rd period - Snap shot by Jake Virtanen.
16:29 of 3rd period - Stopped by Jacob Markstrom without a rebound.
16:30 of 3rd period - Dylan Larkin wins face-off versus Ryan Johansen in Jets zone.
16:30 of 3rd period - Hampus Lindholm is hit by Adam Larsson and loses puck.
16:35 of 3rd period - Snap shot by Dylan Larkin.
16:35 of 3rd period - Deflect By Danton Heinen.
16:35 of 3rd period - Stopped by Jacob Markstrom with a rebound.
16:37 of 3rd period - Slapshot by Jake Virtanen.
16:37 of 3rd period - Shot Blocked by Alex Galchenyuk.
17:05 of 3rd period - Hampus Lindholm is hit by Max Domi and loses puck.
17:24 of 3rd period - Snap shot by T.J. Hensick.
17:24 of 3rd period - Shot Misses the Net.
17:26 of 3rd period - Slapshot by Drew Fata.
17:26 of 3rd period - Deflect By Sam Reinhart.
17:26 of 3rd period - Stopped by Jacob Markstrom with a rebound.
17:28 of 3rd period - Wrist shot by Lucas Lessio.
17:28 of 3rd period - Shot Misses the Net.
17:56 of 3rd period - Snap shot by Dylan Larkin.
17:56 of 3rd period - Shot Misses the Net.
18:06 of 3rd period - Adam Larsson is hit by Max Reinhart and loses puck.
18:29 of 3rd period - Slapshot by Dougie Hamilton.
18:29 of 3rd period - Stopped by Frederik Andersen with a rebound.
18:35 of 3rd period - Wrist shot by Max Domi.
18:35 of 3rd period - Shot Misses the Net.
18:37 of 3rd period - Snap shot by Tyler Toffoli.
18:37 of 3rd period - Shot Blocked by Colton Parayko.
18:47 of 3rd period - Sam Reinhart is hit by Carson Mcmillan and loses puck.
19:12 of 3rd period - Slapshot by Troy Stetcher.
19:12 of 3rd period - Shot Misses the Net.
19:14 of 3rd period - Slapshot by Troy Stetcher.
19:14 of 3rd period - Stopped by Frederik Andersen without a rebound.
19:15 of 3rd period - Dylan Larkin wins face-off versus Jeff Carter in Red Wings zone.
19:15 of 3rd period - Dylan Larkin is hit by Jeff Carter.
19:23 of 3rd period - Wrist shot by Jake Virtanen.
19:23 of 3rd period - Stopped by Jacob Markstrom without a rebound.
19:24 of 3rd period - Tyler Seguin wins face-off versus Dylan Larkin in Jets zone.
19:24 of 3rd period - Tyler Seguin is hit by Danton Heinen.
Goals for this period are 2 for Jets vs 2 for Red Wings.
Shots for this period are 11 for Jets vs 12 for Red Wings.